 Dungeon Crawl Stone Soup version 0.29.1-15-g9cfb28693d (webtiles) character file.

Game seed: 2649589514473588500

4 GeoRichter the Trooper (level 1, 0/18 HPs)
             Began as a Demonspawn Monk on Feb 28, 2023.
             Slain by a hobgoblin (4 damage)
             ... on level 1 of the Dungeon.
             The game lasted 00:00:19 (64 turns).

GeoRichter the Trooper (Demonspawn Monk)              Turns: 64, Time: 00:00:20

Health: 0/18       AC:  2    Str: 11    XL:     1   Next: 58%
Magic:  1/1        EV: 12    Int: 11    God:
Gold:   0          SH:  0    Dex: 15    Spells: 0/0 levels left

rFire   . . .      SeeInvis .   a - +0 spear
rCold   . . .      Faith    .   (no shield)
rNeg    . . .      Spirit   .   b - +0 robe
rPois   .          Reflect  .   (no helmet)
rElec   .          Harm     .   (no cloak)
rCorr   .          Rampage  .   (no gloves)
Will    .....                   (no boots)
Stlth   ++........              (no amulet)
HPRegen 0.06/turn               (no ring)
MPRegen 0.07/turn               (no ring)

@: no status effects
A: no striking features
a: no special abilities


You were on level 1 of the Dungeon.
You visited 1 branch of the dungeon, and saw 1 of its levels.

Inventory:

Hand Weapons
 a - a +0 spear (weapon)
Armour
 b - a +0 robe (worn)
Potions
 c - a potion of ambrosia


   Skills:
 - Level 3.0 Fighting
 + Level 2.8 Polearms
 - Level 2.6 Dodging
 + Level 2.0 Stealth


You couldn't memorise any spells.
You didn't know any spells.
Your spell library was empty.

Dungeon Overview and Level Annotations

Branches:
Dungeon (1/15) Zot: 5935

Altars:


Message History

Found a scroll labelled ICOOQ WYRCHUSS.
A goblin comes into view. It is wielding a +0 club.
Found 5 gold pieces.
The jackal barks! x2; The hobgoblin shouts!
A bat comes into view.
A giant cockroach comes into view.
The bat moves out of view.
The goblin shouts!
You closely miss the hobgoblin.
The jackal barks!
The hobgoblin barely misses you.
The giant cockroach waves its antennae.
The hobgoblin attacks as you move away! The hobgoblin barely misses you.
The hobgoblin attacks as you move away! The hobgoblin hits you.
The jackal attacks as you move away! The jackal misses you.
The jackal closely misses you. The jackal attacks as you move away!
The jackal bites you.
The jackal bites you but does no damage.
A rat comes into view.
You closely miss the jackal. The jackal misses you. The jackal bites you.
You hit the jackal. The jackal bites you.
You hit the jackal.
You kill the jackal!
You hit the jackal. The jackal bites you. The jackal closely misses you.
You hit the jackal.
You kill the jackal!
You hit the jackal. The jackal closely misses you.
You hit the jackal. The jackal misses you. The jackal barely misses you.
You closely miss the jackal. The jackal barely misses you.
You hit the jackal but do no damage. The jackal bites you.
You closely miss the jackal.
The jackal bites you but does no damage.
The jackal misses you.
You hit the jackal. The jackal misses you.
You closely miss the jackal. The jackal misses you.
The jackal barely misses you.
You closely miss the jackal. The jackal misses you.
You hit the jackal.
You kill the jackal!
Your Stealth skill increases to level 2!
You barely miss the hobgoblin. The hobgoblin hits you.
* * * LOW HITPOINT WARNING * * *
You hit the rat.
You kill the rat!
The hobgoblin misses you.
You closely miss the hobgoblin. The hobgoblin completely misses you.
You hit the hobgoblin but do no damage. The hobgoblin hits you.
* * * LOW HITPOINT WARNING * * *
You barely miss the hobgoblin. The hobgoblin barely misses you.
You barely miss the hobgoblin. The hobgoblin hits you.
You die...

...§§....###..#........
§.§§§......##......B...
§§§§§.......##..####...
..§§####.....##.## .
..### ###...##..# .##
##...##.# ## ##...gB# #
#..##g# # ##.##@#
#.##†# #.##.# #.##.# #
.....# # ..##.# §#
.##... §§# .. ... §§§


You could see a giant cockroach, a hobgoblin and a goblin.

Vanquished Creatures
  3 jackals (D:1)
  A rat (D:1)
4 creatures vanquished.

Notes
Turn   | Place    | Note
-------+----------+-------------------------------------------
     0 | D:1      | GeoRichter the Demonspawn Monk began the quest for the Orb.
     0 | D:1      | Reached XP level 1. HP: 18/18 MP: 1/1
    64 | D:1      | Slain by a hobgoblin

Illustrated notes

Levels and vault maps discovered:
D:1:      heliophobic_arrival_dark_side_of_the_moon, layout_basic,
          shapermc_ecumenical_altar_mp_vishouse, wad_floor_pattern_untrapped,
          chequers_serial_rivers_micro_d

Skill      XL: |  1 |
---------------+----+-----
Stealth        | 2 |  2.0
Fighting       | |  3.0
Polearms       | |  2.8
Dodging        | |  2.6

Action                   || total
-------------------------++-------
Melee: Spear             ||    21
Armor: Robe              ||     2
Dodge: Dodged            ||    18
